 Dungeon Crawl Stone Soup version 0.28-a0-969-g2dcde036d2 (webtiles) character file.

Game seed: 16510468001160411182

2940 HessuHobo the Skirmisher (level 10, 3/77 HPs)
             Began as a Human Fighter on Dec 1, 2021.
             Quit the game on level 9 of the Dungeon.
             The game lasted 00:24:47 (12108 turns).

HessuHobo the Skirmisher (Human Fighter)           Turns: 12108, Time: 00:24:47

Health: 3/77       AC: 15    Str: 25    XL:     10   Next: 7%
Magic:  0/10       EV:  6    Int:  9    God:
Gold:   286        SH: 11    Dex: 12    Spells: 9/9 levels left

rFire   . . .      SeeInvis .   n - +2 dagger (venom)
rCold   . . .      Faith    .   w - +2 kite shield "Daon" {Str+4}
rNeg    . . .      Spirit   +   f - +0 chain mail
rPois   .          Reflect  .   v - +2 helmet
rElec   .          Harm     .   y - +0 cloak
rCorr   +          Rampage  .   (no gloves)
Will    .....                   (no boots)
Stlth   ..........              h - amulet of guardian spirit
HPRegen 0.22/turn               i - ring of resist corrosion
MPRegen 0.12/turn               (no ring)

@: no status effects
A: camouflage 1
a: no special abilities


You were on level 9 of the Dungeon.
You visited 1 branch of the dungeon, and saw 9 of its levels.

You collected 286 gold pieces.

Inventory:

Hand Weapons
 e - a +1 vampiric dagger
 k - a +0 short sword
 n - a +2 dagger of venom (weapon)
 u - a +0 whip
Missiles
 a - 28 poisoned darts (quivered)
 t - a throwing net
Armour
 c - a +0 buckler
 f - a +0 chain mail (worn)
 v - a +2 helmet (worn)
 w - the +2 kite shield "Daon" (worn) {Str+4}
   (You found it on level 7 of the Dungeon)

   Str:       It affects your strength (+4).
 y - a +0 cloak (worn)
 C - a +0 plate armour
Magical Staves
 x - a staff of poison
Jewellery
 h - an amulet of guardian spirit (around neck)
 i - a ring of resist corrosion (left hand)
 B - an amulet of the acrobat
Wands
 q - a wand of paralysis (12)
Scrolls
 l - 3 scrolls of vulnerability
 m - a scroll of magic mapping
 s - a scroll of holy word {unknown}
 A - a scroll of acquirement {unknown}
Potions
 d - a potion of magic {unknown}
 g - 2 potions of flight
 j - a potion of cancellation {unknown}
 o - 2 potions of degeneration {unknown}
 p - a potion of berserk rage {unknown}
 r - 2 potions of heal wounds {unknown}
 z - a potion of lignification {unknown}


   Skills:
 + Level 6.8 Fighting
 + Level 6.2 Short Blades
 - Level 5.0 Throwing
 + Level 6.6 Armour
 + Level 6.6 Shields
 + Level 2.1 Evocations


You had 9 spell levels left.
You didn't know any spells.
Your spell library contained the following spells:

 Spells                   Type           Power      Damage    Failure   Level
 Foxfire                  Conj/Fire      0%         2x1d4     100%        1
 Call Canine Familiar     Summ           0%         N/A       100%        3
 Conjure Flame            Conj/Fire      0%         6-21      100%        3
 Inner Flame              Hex/Fire       0%         N/A       100%        3
 Ozocubu's Armour         Ice            0%         N/A       100%        3
 Portal Projectile        Hex/Tloc       0%         N/A       100%        3
 Flame Wave               Conj/Fire      0%         2d4       100%        4
 Leda's Liquefaction      Hex/Erth       0%         N/A       100%        4
 Metabolic Englaciation   Hex/Ice        0%         N/A       100%        5
 Simulacrum               Ice/Necr       0%         N/A       100%        6
 Ozocubu's Refrigeration  Ice            0%         4d5       100%        7


Dungeon Overview and Level Annotations

Branches:
Dungeon (9/15)
 Temple: D:4-7         Lair: D:8-11         Orc: D:9-12

Altars:
Dithmenos
Gozag
Makhleb
Trog
Uskayaw
Wu Jian

Shops:
D:4 [

Annotations:
D:5 Grinder, Sigmund


Innate Abilities, Weirdness & Mutations

Your skin changes colour to match your surroundings (Stealth+).


Message History

A black bear and a centaur come into view.
Found a sapphire potion and a flail.
Found a stone staircase leading up and a stone staircase leading down.
The black bear growls angrily.
The centaur wields a +1 shortbow of freezing.
It is covered in frost.
The centaur shoots an arrow.
You block the arrow.
The centaur shoots an arrow.
You block the arrow.
The black bear bites you but does no damage.
The black bear claws you but does no damage.
You block the black bear's attack.
The centaur shoots an arrow.
The arrow barely misses you.
The arrow hits the black bear!
The arrow freezes the black bear.
The centaur shoots an arrow.
The arrow hits you. The arrow freezes you.
The centaur shoots an arrow.
You block the arrow.
The centaur shoots an arrow.
You block the arrow.
There is a stone staircase leading up here.
The centaur shoots an arrow.
The arrow hits you!
* * * LOW HITPOINT WARNING * * *
The arrow freezes you.
* * * LOW HITPOINT WARNING * * *
There is a stone staircase leading down, spattered with blood here.
The centaur shoots an arrow.
The arrow hits you!
* * * LOW HITPOINT WARNING * * *
The arrow freezes you.
* * * LOW HITPOINT WARNING * * *
The black bear barely misses you. The black bear claws you.
You block the black bear's attack.
The centaur shoots an arrow.
You block the arrow.
You climb downwards.
The yak bellows! x5
Found 21 stones.
There is a stone staircase leading up here.
Unknown command.
Okay, then.
The black bear bites you but does no damage.
The black bear claws you but does no damage.
The black bear claws you.
* * * LOW HITPOINT WARNING * * *
Okay, then.
Are you sure you want to abandon this character and quit the game? (Confirm with "yes".)

############
#####...........
................
................
.......(........
........Y.......
.......YY.......
###...@h.Y.....
#....Y......#
#...........#
#...#+####..#
#... .# #... #
+... #...


You could see 5 yaks and a black bear.

Vanquished Creatures
  Pikel (D:4)
  A troll (D:6)
  Eustachio (D:4)
  2 water moccasins (D:6)
  An ice beast (D:6)
  A necrophage (D:5)
  A sky beast (D:6)
  A centaur (D:7)
  3 ogres
  A phantom (D:6)
  2 lemures (D:4)
  A kobold brigand (D:6)
  2 bullfrogs
  2 scorpions (D:6)
  4 howler monkeys
  4 hounds
  Crazy Yiuf (D:3)
  3 orc priests
  2 jellies
  A gnoll shaman (D:7)
  An iguana (D:7)
  A bullfrog skeleton (D:5)
  Ijyb (D:4)
  Natasha (D:3)
  An orc wizard (D:6)
  A killer bee zombie (D:6)
  A howler monkey zombie (D:6)
  Robin (D:4)
  11 gnolls
  9 adders
  An ufetubus (D:6)
  2 dart slugs
  17 orcs
  9 ball pythons
  5 endoplasms
  A giant cockroach (D:2)
  13 goblins
  11 hobgoblins
  7 kobolds
  5 quokkas
  5 bats
  5 frilled lizards
  4 rats
148 creatures vanquished.

Vanquished Creatures (others)
  A bullfrog (D:6)
  An orc (D:6)
  3 plants (D:5)
5 creatures vanquished.

Grand Total: 153 creatures vanquished

Notes
Turn   | Place    | Note
-------+----------+-------------------------------------------
     0 | D:1      | HessuHobo the Human Fighter began the quest for the Orb.
     0 | D:1      | Reached XP level 1. HP: 18/18 MP: 1/1
   336 | D:1      | Reached XP level 2. HP: 24/24 MP: 2/2
   502 | D:1      | Reached XP level 3. HP: 21/29 MP: 3/3
  1900 | D:2      | Reached XP level 4. HP: 28/35 MP: 4/4
  2525 | D:2      | Found a faded altar of an unknown god.
  3087 | D:2      | Reached XP level 5. HP: 13/42 MP: 5/5
  3748 | D:3      | Noticed Robin
  3977 | D:3      | Noticed Natasha
  4307 | D:4      | Reached XP level 6. HP: 21/48 MP: 3/6
  4486 | D:4      | Found Tyipty's Antique Armour Shop.
  4729 | D:4      | Noticed Pikel
  5035 | D:4      | Noticed Eustachio
  5039 | D:4      | Gained mutation: Your skin changes colour to match your
                  | surroundings (Stealth+). [potion of mutation]
  5082 | D:4      | Found an opulent altar of Gozag.
  5126 | D:4      | You fall into a shaft and drop 2 floors!
  5319 | D:5      | Entered Level 5 of the Dungeon
  5586 | D:5      | Reached skill level 1 in Throwing
  5721 | D:5      | Noticed an ogre
  5748 | D:5      | Killed an ogre
  5907 | D:5      | Noticed a necrophage
  6036 | D:5      | Killed a necrophage
  6037 | D:5      | Reached XP level 7. HP: 41/55 MP: 7/7
  6122 | D:5      | Noticed Grinder
  6224 | D:4      | Killed Eustachio
  6393 | D:4      | Noticed Ijyb
  6414 | D:4      | Killed Ijyb
  6677 | D:4      | Killed Robin
  6678 | D:4      | Reached XP level 8. HP: 59/61 MP: 8/8
  7321 | D:3      | Reached skill level 5 in Fighting
  7616 | D:3      | Killed Natasha
  7827 | D:3      | Found a runed translucent door.
  7828 | D:3      | Noticed Crazy Yiuf
  7841 | D:3      | Killed Crazy Yiuf
  7842 | D:3      | Reached skill level 5 in Shields
  8012 | D:3      | Reached skill level 5 in Armour
  8222 | D:4      | Killed Pikel
  8223 | D:4      | Reached skill level 5 in Short Blades
  8456 | D:5      | Noticed Sigmund
  8768 | D:6      | Reached XP level 9. HP: 66/69 MP: 7/9
  9304 | D:6      | Found a burning altar of Makhleb.
 10988 | D:7      | Noticed a troll
 11076 | D:6      | Reached skill level 1 in Evocations
 11171 | D:6      | Killed a troll
 11505 | D:7      | Identified the +2 kite shield "Daon" {Str+4}
 11690 | D:7      | Reached XP level 10. HP: 35/77 MP: 3/10
 11911 | D:7      | Reached skill level 5 in Throwing
 12085 | D:8      | Found an ornate altar of the Wu Jian Council.
 12090 | D:8      | Found a bloodstained altar of Trog.
 12094 | D:8      | Found a shadowy altar of Dithmenos.
 12094 | D:8      | Found a hide-covered altar of Uskayaw.
 12105 | D:8      | HP: 3/77 [centaur/arrow (3)]
 12108 | D:9      | Quit the game

Illustrated notes

Levels and vault maps discovered:
D:1:      dpeg_arrival_round_a, layout_basic, minmay_heptomino_w4
D:2:      layout_basic, chequers_ecumenical_altar_twisty, chequers_arboretum,
          kennysheep_minor_cross, minmay_misc_feat_more_columns
D:3:      layout_loops_ring, uniq_robin, uniq_crazy_yiuf_cottage, uniq_natasha
D:4:      layout_loops_ring, grunt_gozag_statues, serial_shops,
          nicolae_shop_trees, amethyst_killhole, uniq_eustachio, uniq_ijyb,
          uniq_pikel
D:5:      layout_rooms, minmay_temple_entry_overgrown, minmay_misc_feat_pillars,
          uniq_grinder, uniq_sigmund, uniq_blork_the_orc
D:6:      layout_loops_corners, nicolae_overflow_crystal_walls
D:7:      minmay_general_purpose_star, layout_loops_cross,
          minmay_chambers_of_fives
D:8:      layout_gridville, grunt_temple_overflow_open,
          chequers_serial_rivers_micro_c, uniq_gastronok
D:9:      layout_irregular_city, serial_shops, nicolae_shop_advertising_works
          [nicolae_subvault_shop_adworks]

Skill      XL: |  1  2  3  4  5  6  7  8  9 10 |
---------------+-------------------------------+-----
Short Blades   | 3 4 5 6 |  6.2
Fighting       | 4 5 6 |  6.8
Shields        | 4 5 6 |  6.6
Armour         | 4 5 6 |  6.6
Throwing       | 1 2 3 4 5 |  5.0
Evocations     | 1 2 |  2.1

Action                   |  1- 3 |  4- 6 |  7- 9 | 10-12 || total
-------------------------+-------+-------+-------+-------++-------
Melee: Rapier            |    60 |       |       |       ||    60
       Short sword       |    45 |   312 |       |       ||   357
       Dagger            |       |    24 |   520 |    54 ||   598
Throw: Dart              |       |    20 |    27 |     2 ||    49
  Use: Potion            |       |     5 |     2 |       ||     7
       Scroll            |       |     2 |     2 |     1 ||     5
Armor: Chain mail        |    44 |   198 |   232 |    24 ||   498
       Scale mail        |     1 |       |       |       ||     1
Dodge: Dodged            |    29 |   126 |   138 |    14 ||   307
Block: Buckler           |    22 |    78 |    90 |       ||   190
       Kite shield       |       |       |     9 |    42 ||    51

Table legend: (Time is in decaauts)
 A = Elapsed time spent in this place.
 B = Non-inter-level travel time spent in this place.
 C = Inter-level travel time spent in this place.
 D = Time resting spent in this place.
 E = Time spent auto-exploring this place.
 F = Levels seen in this place.
 G = Mean time per level.
                   A        B        C        D        E       F      G
               +--------+--------+--------+--------+--------+-----+--------+
         Total |  11939 |  11546 |    393 |   5739 |   3147 |   9 | 1326.6 |
       Dungeon |  11939 |  11546 |    393 |   5739 |   3147 |   9 | 1326.6 |
               +--------+--------+--------+--------+--------+-----+--------+

Top non-repeatable levels by time:
     D:6: 2816 daAuts
     D:2: 2565 daAuts
     D:4: 2193 daAuts
     D:3: 1540 daAuts
     D:1: 1358 daAuts
     D:5: 977 daAuts
     D:7: 464 daAuts
     D:8: 20 daAuts
     D:9: 1 daAuts
